AoeStats
← Lady Macbeth

Arabia

508030355Analyzed
2v2 RM · 12d ago on Sep 20, 2026· 17m 12s· 4 players
Game mode
Random Map
Map size
Medium (4 player)
Population
200
Speed
Normal
Resources
Standard
Victory
Conquest
Starting age
Dark Age
Ending age
Imperial Age
RankedLock teamsTeams togetherTeam positionsShared explorationLock speedFull tech treeHidden civsTurbo modeCheats
Victory
Defeat
🇨🇱 Franks · Chile
757
+17
🇨🇱 Celts · Chile
755
+17
🇪🇸 Aztecs · Spain
797
-18
🇪🇸 Franks · Spain
753
-16
Dani
3:52 Loom
12:31 Feudal Age
13:18 Horse Collar
16:49 Castle Age
16:50 Double-Bit Axe
Enri
11:19 Feudal Age
13:59 Double-Bit Axe
17:53 Castle Age
frape.97
1:23 Loom
10:34 Feudal Age
12:05 Wheelbarrow
11:20 Double-Bit Axe
11:17 Horse Collar
13:11 Town Watch
18:52 Castle Age
Lady Macbeth
0:49 Loom
11:34 Feudal Age
13:02 Wheelbarrow
12:12 Town Watch
Connection lost

Rejoining the realm…

Still unreachable

The connection could not be restored.

Session expired

The server has moved on; the page needs a fresh start.